AoeStats
← bkg45

Arena

506214427Analyzed
4v4 RM · 20d ago on Sep 12, 2026· 43m 47s· 8 players
Game mode
Random Map
Map size
Large (8 player)
Population
200
Speed
Normal
Resources
Standard
Victory
Conquest
Starting age
Dark Age
Ending age
Imperial Age
RankedLock teamsTeams togetherTeam positionsShared explorationLock speedFull tech treeHidden civsTurbo modeCheats
Victory
Defeat
🇺🇸 Italians · United States
1324
+15
🇺🇸 Khmer · United States
1311
+16
🇦🇷 Lithuanians · Argentina
1286
+17
🇹🇼 Magyars · Taiwan
1279
+17
🇧🇷 Malay · Brazil
1393
-19
🇧🇷 Chinese · Brazil
1368
-19
🇧🇷 Sicilians · Brazil
1246
-14
🇧🇷 Bengalis · Brazil
1219
-13
nprhino_aoe
10:22 Feudal Age
10:07 Loom
15:37 Castle Age
17:14 Fletching
33:27 Double-Bit Axe
33:24 Horse Collar
36:41 Bow Saw
39:05 Heavy Plow
40:30 Gold Mining
40:33 Stone Mining
45:53 Imperial Age
43:38 Bodkin Arrow
44:09 Padded Archer Armor
托尼
10:55 Feudal Age
11:34 Double-Bit Axe
15:32 Castle Age
13:27 Horse Collar
17:05 Bow Saw
17:29 Heavy Plow
20:39 Loom
23:36 Gold Mining
23:44 Stone Mining
25:50 Gold Shaft Mining
28:01 Scale Barding Armor
27:47 Fletching
27:57 Padded Archer Armor
28:37 Wheelbarrow
29:20 Corvinian Army
29:42 Bodkin Arrow
30:06 Thumb Ring
31:39 Bloodlines
31:30 Husbandry
31:47 Leather Archer Armor
34:33 Imperial Age
32:50 Ballistics
32:11 Treadmill Crane
33:00 Hand Cart
32:25 Elite Skirmisher
32:25 Crossbowman
32:58 Town Watch
33:00 Light Cavalry
34:37 Heavy Cavalry Archer
35:42 Parthian Tactics
35:20 Recurve Bow
35:40 Conscription
35:24 Bracer
35:55 Ring Archer Armor
36:30 Two-Man Saw
36:02 Crop Rotation
35:51 Elite Magyar Huszar
37:12 Chain Barding Armor
36:53 Scale Mail Armor
39:00 Plate Barding Armor
39:33 Chemistry
39:05 Coinage
38:37 Caravan
40:59 Masonry
40:45 Murder Holes
40:56 Siege Engineers
41:54 Banking
Skavio22
9:36 Feudal Age
10:20 Feudal Age
11:27 Double-Bit Axe
14:15 Castle Age
15:32 Bow Saw
15:36 Pikeman
19:03 Sanctity
19:48 Fervor
20:49 Loom
27:27 Redemption
32:42 Horse Collar
34:41 Wheelbarrow
39:06 Imperial Age
36:52 Hand Cart
37:15 Scale Barding Armor
37:21 Elite Skirmisher
38:07 Thumb Ring
38:02 Town Watch
44:42 Conscription
bkg45
11:54 Feudal Age
14:52 Castle Age
12:56 Double-Bit Axe
13:19 Horse Collar
15:45 Bow Saw
15:36 Heavy Plow
17:58 Loom
22:46 Forging
23:22 Scale Barding Armor
24:30 Iron Casting
25:10 Wheelbarrow
24:51 Bloodlines
25:23 Husbandry
26:00 Chain Barding Armor
28:25 Hand Cart
28:19 Town Watch
31:43 Imperial Age
29:35 Light Cavalry
30:36 Gold Mining
31:52 Heavy Scorpion
33:44 Plate Barding Armor
34:10 Blast Furnace
33:39 Ballistics
35:29 Coinage
34:36 Capped Ram
36:20 Chemistry
35:33 Double Crossbow
36:47 Masonry
36:30 Siege Ram
37:58 Conscription
37:03 Hussar
42:50 Banking
Aleerah
0:37 Loom
12:05 Feudal Age
15:34 Castle Age
13:47 Horse Collar
13:58 Double-Bit Axe
23:01 Fletching
24:04 Bodkin Arrow
24:43 Padded Archer Armor
25:50 Ballistics
27:44 Husbandry
31:20 Bloodlines
34:00 Imperial Age
33:28 Leather Archer Armor
33:57 Wheelbarrow
34:04 Paiks
36:28 Chemistry
37:01 Bracer
37:33 Ring Archer Armor
36:29 Elite Elephant Archer
38:41 Conscription
40:59 Forging
40:54 Scale Barding Armor
41:20 Light Cavalry
EDINHO
6:35 Loom
9:11 Feudal Age
13:16 Scale Mail Armor
17:40 Arson
19:43 Forging
19:33 Double-Bit Axe
20:48 Horse Collar
31:08 Castle Age
30:45 Bloodlines
31:22 Scale Barding Armor
34:14 Husbandry
38:05 Chain Barding Armor
MAZZUCCO
9:35 Feudal Age
9:17 Double-Bit Axe
9:13 Horse Collar
12:26 Loom
16:04 Castle Age
15:54 Bow Saw
17:09 Gold Mining
22:22 Forging
25:57 Iron Casting
32:52 Imperial Age
32:28 Scale Barding Armor
33:15 Wheelbarrow
33:22 Husbandry
34:22 Elite Battle Elephant
37:08 Blast Furnace
41:06 Capped Ram
43:00 Heavy Plow
Mike
0:43 Loom
10:09 Feudal Age
15:32 Castle Age
13:24 Double-Bit Axe
14:28 Gold Mining
16:33 Bow Saw
28:34 Imperial Age
27:12 Scale Mail Armor
27:23 Forging
28:21 Chain Mail Armor
29:46 Iron Casting
30:31 Squires
31:39 Plate Mail Armor
32:10 Blast Furnace
33:35 Blast Furnace
36:10 Ballistics
36:45 Conscription
37:34 Two-Man Saw
37:32 Heavy Rocket Cart
40:37 Chemistry
42:03 Horse Collar
Connection lost

Rejoining the realm…

Still unreachable

The connection could not be restored.

Session expired

The server has moved on; the page needs a fresh start.